 Dungeon Crawl Stone Soup version 0.14-a0-3315-g09e681a (webtiles) character file.

129 4tharraofdagon the Skirmisher (level 3, 0/31 HPs)
             Began as a Centaur Fighter on Mar 15, 2014.
             Was a Follower of Zin.
             Succumbed to a kobold's poison
             ... on Level 5 of the Dungeon.
             The game lasted 00:06:47 (990 turns).

4tharraofdagon the Skirmisher (Centaur Fighter)      Turns: 990, Time: 00:06:47

HP   0/31        AC  7     Str 18      XL: 3   Next: 62%
MP   3/3         EV  7     Int  8      God: Zin [*.....]
Gold 76          SH 17     Dex 13      Spells:  0 memorised,  2 levels left

rFire  . . .     SeeInvis .     a - +0 long sword
rCold  . . .     Clarity  .     o - +0 chain mail {MR+}
rNeg   . . .     Conserve .     c - +0 shield
rPois  .         rCorr    .     (no helmet)
rElec  .         rRot     .     (no cloak)
SustAb + .       Spirit   .     (no gloves)
rMut   .         Warding  .     (no barding)
Saprov . . .     Stasis   .     (no amulet)
MR     .....                    r - ring of sustain abilities {unknown}
                                l - ring of wizardry

@: agile, lethally poisoned, very quick, not resistant to hostile enchantments,
extremely unstealthy
A: hooves 3, deformed body, herbivore 1, speed 2, fast metabolism 1, tough skin
3
a: Recite, Renounce Religion


You were on level 5 of the Dungeon.
You worshipped Zin.
Zin was aware of your devotion.
You were hungry.

You visited 2 branches of the dungeon, and saw 7 of its levels.

You collected 84 gold pieces.
You donated 8 gold pieces.

Inventory:

Hand weapons
 a - a +0,+0 long sword (weapon)
 n - a +0,+0 falchion
 y - a +0,+0 long sword
Armour
 b - a +0 scale mail
 c - a +0 shield (worn)
 o - a +0 chain mail of magic resistance (worn)
Magical devices
 j - a wand of magic darts (18)
Comestibles
 d - 7 bread rations
 B - a choko
 E - a snozzcumber
Scrolls
 f - 2 scrolls of enchant weapon II {unknown}
 g - a scroll of blinking {unknown}
 h - 2 scrolls of identify {unknown}
 i - a scroll of teleportation {unknown}
 m - a scroll of magic mapping {unknown}
 p - 2 scrolls of remove curse
 s - a scroll of immolation {unknown}
 t - a scroll of enchant weapon I {unknown}
 w - a scroll of random uselessness {unknown}
 C - a scroll of vulnerability {unknown}
Jewellery
 l - a ring of wizardry (left hand)
 r - a ring of sustain abilities (right hand) {unknown}
Potions
 e - a potion of might
 u - a potion of magic {unknown}
 v - a potion of curing {unknown}
 x - a potion of mutation {unknown}
 z - a potion of resistance {unknown}
 A - a potion of poison {unknown}
 D - a potion of brilliance {unknown}
Books
 F - a book of Power

   Spells                             Type                      Level
   Fulminant Prism                    Conjuration/Hexes            4
   Iskenderun's Mystic Blast          Conjuration                  4
   Venom Bolt                         Conjuration/Poison           5
   Bolt of Magma                      Conjuration/Fire/Earth       5
   Iron Shot                          Conjuration/Earth            6
   Orb of Destruction                 Conjuration                  7
Miscellaneous
 q - a plain deck of defence


   Skills:
 + Level 3.1 Fighting
 * Level 2.9 Long Blades
 + Level 2.5 Armour
 + Level 0.8 Dodging
 - Level 2.1 Shields


You had 2 spell levels left.
You didn't know any spells.

Dungeon Overview and Level Annotations

Branches:
Dungeon (6/15)             Temple (1/1) D:4

Altars:
Ashenzari
Dithmenos
Elyvilon
Fedhas
Nemelex Xobeh
Okawaru
Sif Muna
Trog
Vehumet
Yredelemnul
Zin
The Shining One


Innate Abilities, Weirdness & Mutations

You have hooves in place of feet.
Armour fits poorly on your strangely shaped body.
You digest meat inefficiently.
You cover ground very quickly.
You have a fast metabolism.
You have extremely tough skin (AC +3).


Message History

The jelly hits you but does no damage.
The crimson imp blinks!
You block the giant frog skeleton's attack.
The jelly hits you but does no damage.
There is a stone staircase leading down here.
Unknown command.
Unknown command.
* * * LOW HITPOINT WARNING * * *
You feel sick.
You block the giant frog skeleton's attack.
Found 12 gold pieces.
Unknown command.
Unknown command.
You are feeling hungry.
Found a meat ration.
Unknown command.
Unknown command.
Drink which item? (? for menu, Esc to quit)
You feel agile all of a sudden.
It was a potion of agility.
You die...

......###.........
%...................#
................r...##
.$..................##
#.................[.##
#.................##
#.....5rs.......##
#.....zJ.I....##
#..@gar>....##
#############


You could see a sky beast, a scorpion, a jelly, a worker ant, a crimson imp, a
goblin, 2 rats and a giant frog skeleton.

Vanquished Creatures
  A worm zombie (D:5)
  An inept item mimic (D:4)
  5 orcs (D:4)
  2 giant cockroaches
  A goblin (D:1)
  2 hobgoblins
  8 jackals (D:3)
  A ball python (D:2)
  6 bats
  A giant gecko (D:2)
  2 kobolds
  4 rats
34 creatures vanquished.

Notes
Turn   | Place    | Note
--------------------------------------------------------------
     0 | D:1      | 4tharraofdagon, the Centaur Fighter, began the quest for the Orb.
     0 | D:1      | Reached XP level 1. HP: 19/19 MP: 1/1
   142 | D:2      | Reached XP level 2. HP: 26/26 MP: 2/2
   514 | D:4      | Reached XP level 3. HP: 20/31 MP: 3/3
   547 | D:4      | Noticed a slave
   605 | D:4      | Found a sparkling altar of Nemelex Xobeh.
   738 | D:4      | Found a staircase to the Ecumenical Temple.
   743 | Temple   | Entered the Ecumenical Temple
   774 | Temple   | Became a worshipper of Zin the Law-Giver
   823 | D:5      | Entered Level 5 of the Dungeon
   836 | D:5      | Noticed a scorpion
   894 | D:5      | Noticed a sky beast
   927 | D:5      | Acquired Zin's first power
   980 | D:6      | Found a bloodstained altar of Trog.
   980 | D:6      | Noticed a black bear
   981 | D:6      | Noticed a black bear
   981 | D:6      | omfg
   988 | D:5      | HP: 1/31 [poisoned by a kobold]
   990 | D:5      | Succumbed to a kobold's poison

Action                   || total
-------------------------++-------
Melee: Long sword        ||    93
       Falchion          ||     2
Evoke: Wand              ||     1
  Use: Scroll            ||     1
       Potion            ||     1
